 Dungeon Crawl Stone Soup version 0.32-a0-909-gc671339a80 (webtiles) character file.

Game seed: 1215068692554784175

179 Fractals the Trooper (level 5, -9/48 HPs)
             Began as a Mountain Dwarf Monk on Apr 6, 2024.
             Mangled by a wyvern (12 damage)
             ... on level 5 of the Dungeon.
             The game lasted 00:05:28 (2440 turns).

Fractals the Trooper (Mountain Dwarf Monk)          Turns: 2440, Time: 00:05:28

Health: -9/48      AC: 10    Str: 16    XL:     5   Next: 32%
Magic:  5/5        EV: 10    Int: 10    God:
Gold:   173        SH:  0    Dex: 12    Spells: 4/4 levels left

rFire   . . .        a - +0 mace
rCold   . . .        d - orb {light}
rNeg    . . .        g - +0 ring mail
rPois   .            (no helmet)
rElec   .            (no cloak)
rCorr   .            m - +0 pair of gloves
SInv    .            (no boots)
Will    .....        (no amulet) Stlth
                     o - +4 ring of protection
HPRegen 0.28/turn    (no ring)
MPRegen 0.09/turn

%: no passive effects
@: confused, ambrosia-drunk, glowing
A: runic magic, artefact enchanting
a: no special abilities


You were on level 5 of the Dungeon.
You visited 1 branch of the dungeon, and saw 5 of its levels.

You collected 173 gold pieces.

Inventory:

Hand Weapons
 a - a +0 mace (weapon)
Armour
 d - an orb of light (worn)
 g - a +0 ring mail (worn)
 m - a +0 pair of gloves (worn)
Magical Staves
 i - a staff of air
Jewellery
 o - a +4 ring of protection (left hand)
Scrolls
 b - a scroll of silence {unknown}
 e - 2 scrolls of identify
 h - a scroll of fear
 j - a scroll of immolation {unknown}
 n - 2 scrolls of enchant armour {unknown}
 p - a scroll of teleportation {unknown}
Potions
 c - a potion of ambrosia
 f - a potion of curing {unknown}
 k - a potion of berserk rage {unknown}
 l - a potion of might {unknown}
 q - a potion of heal wounds {unknown}
 r - a potion of cancellation {unknown}


   Skills:
 + Level 5.2 Fighting
 - Level 5.0 Maces & Flails
 + Level 2.3 Armour
 - Level 2.1 Dodging


You had 4 spell levels left.
You didn't know any spells.
Your spell library contained the following spells:

 Spells                   Type           Power      Damage    Failure   Level
 Apportation              Tloc           0%         N/A       41%         1
 Necrotise                Necr           0%         1d4       41%         1
 Sting                    Conj/Alch      0%         1d3       41%         1
 Summon Small Mammal      Summ           0%         N/A       41%         1
 Static Discharge         Conj/Air       0%         3-3/arc   54%         2
 Vampiric Draining        Necr           0%         2d6       78%         3
 Airstrike                Air            0%         2d(0-16)  99%         4
 Martyr's Knell           Necr/Summ      0%         N/A       99%         4
 Summon Lightning Spire   Summ/Air       0%         N/A       99%         4
 Curse of Agony           Necr           0%         N/A       100%        5


Dungeon Overview and Level Annotations

Branches:
Dungeon (5/15)
 Temple: D:4-7

Altars:
Ashenzari

Shops:
D:3 (

Annotations:
D:3 3 runed translucent doors, olmar's ghost, weakling GnWn
D:4 Grinder; Ijyb


Innate Abilities, Weirdness & Mutations

Your spellcasting is much less encumbered by armour.
You can use scrolls of enchantment on lesser artefacts.


Message History

Found 8 stones.
Found 12 gold pieces.
You now have 173 gold pieces (gained 12).
A wyvern comes into view.
The wyvern hisses angrily.
The wyvern bites you but does no damage.
You hit the wyvern.
The wyvern is lightly wounded.
The wyvern bites you! The wyvern completely misses you.
You sock the wyvern!
The wyvern is moderately wounded.
The wyvern bites you but does no damage.
The wyvern barely misses you.
You hit the wyvern but do no damage.
The wyvern is moderately wounded.
The wyvern closely misses you.
You hit the wyvern.
The wyvern is moderately wounded.
The wyvern bites you!
The wyvern bites you but does no damage.
You barely miss the wyvern.
The wyvern is moderately wounded.
The wyvern bites you!
* * * LOW HITPOINT WARNING * * *
The wyvern bites you!
* * * LOW HITPOINT WARNING * * *
Unknown command.
You are confused.
You feel invigorated. The wyvern bites you.
* * * LOW HITPOINT WARNING * * *
The wyvern bites you.
* * * LOW HITPOINT WARNING * * *
The wyvern completely misses you.
Unknown command.
You closely miss the wyvern.
The wyvern is moderately wounded.
The wyvern bites you!
* * * LOW HITPOINT WARNING * * *
The wyvern bites you!
You die...

#######
#.....#
#.#...#
#...###
##.k..#
#.@..#### ..
###.....#
##..
#.......#
#.... .
#...#.###
#.... #
#..#....##...
#
#.##....#..#
##
#.####.#...#
#.
#.##.......#
..
#..#.....###
.#...


You could see a wyvern.

Vanquished Creatures
  A scorpion (D:5)
  An orc wizard (D:4)
  A gnoll (D:4)
  An adder (D:2)
  A dart slug (D:1)
  3 orcs
  4 bats
  13 endoplasms
  2 giant cockroaches
  4 goblins
  5 hobgoblins
  9 jackals
  8 ball pythons
  3 kobolds
  5 rats
61 creatures vanquished.

Notes
Turn   | Place    | Note
-------+----------+-------------------------------------------
     0 | D:1      | Fractals the Mountain Dwarf Monk began the quest for the
                  | Orb.
     0 | D:1      | Reached XP level 1. HP: 19/19 MP: 1/1
    76 | D:1      | Reached XP level 2. HP: 26/26 MP: 2/2
   494 | D:1      | Reached XP level 3. HP: 31/33 MP: 3/3
  1305 | D:3      | Noticed an orc warrior
  1305 | D:3      | Noticed olmar's ghost (weakling GnWn)
  1305 | D:3      | Found a runed translucent gate.
  1305 | D:3      | Found a runed translucent gate.
  1305 | D:3      | Found a runed translucent gate.
  1347 | D:3      | Found Ytuypt's Weapon Emporium.
  1880 | D:4      | Found a broken altar of Ashenzari.
  1894 | D:4      | Reached XP level 4. HP: 36/41 MP: 4/4
  1895 | D:4      | Noticed Grinder
  1940 | D:4      | Reached skill level 5 in Maces & Flails
  2204 | D:4      | Reached skill level 1 in Armour
  2278 | D:4      | Noticed Ijyb
  2281 | D:5      | Entered Level 5 of the Dungeon
  2281 | D:5      | Noticed a scorpion
  2294 | D:5      | Killed a scorpion
  2295 | D:5      | Reached skill level 5 in Fighting
  2295 | D:5      | Reached XP level 5. HP: 31/48 MP: 5/5
  2430 | D:5      | Noticed a wyvern
  2438 | D:5      | HP: 2/48 [wyvern (6)]
  2440 | D:5      | Mangled by a wyvern

Illustrated notes

Levels and vault maps discovered:
D:1:      matt_arrival_refuge, layout_rooms
D:2:      layout_basic
D:3:      layout_loops_ring, serial_shops, nicolae_shop_bloodbath_and_beyond,
          gammafunk_ghost_split
D:4:      layout_basic, good_gods_temple_1, ashenzari_altar_1, vehumet_statue,
          nicolae_wu_jian_wuxing_cycle, grunt_ministairs_1, uniq_grinder,
          uniq_ijyb, uniq_eustachio
D:5:      layout_cave_pools, grunt_temple_overflow_open,
          nicolae_sif_muna_little_library, slow_altar_2,
          biasface_ghost_orc_armoury, hangedman_decor_push, uniq_sigmund,
          uniq_crazy_yiuf_cottage

Skill      XL: |  1  2  3  4 |
---------------+-------------+-----
Maces & Flails | 4 5 |  5.0
Fighting       | 4 5 |  5.2
Armour         | 2 |  2.3
Dodging        | |  2.1

Action                     |  1- 3 |  4- 6 || total
---------------------------+-------+-------++-------
  Melee: Mace              |   125 |    57 ||   182
    Use: Scroll            |     2 |       ||     2
         Potion            |       |     1 ||     1
 Armour: Robe              |    12 |       ||    12
         Ring mail         |    60 |    73 ||   133
  Dodge: Dodged            |    73 |    58 ||   131

Table legend: (Time is in decaauts)
 A = Elapsed time spent in this place.
 B = Non-inter-level travel time spent in this place.
 C = Inter-level travel time spent in this place.
 D = Time resting spent in this place.
 E = Time spent auto-exploring this place.
 F = Levels seen in this place.
 G = Mean time per level.
                   A        B        C        D        E       F      G
               +--------+--------+--------+--------+--------+-----+--------+
         Total |   2469 |   2379 |     90 |    224 |   1470 |   5 |  493.8 |
       Dungeon |   2469 |   2379 |     90 |    224 |   1470 |   5 |  493.8 |
               +--------+--------+--------+--------+--------+-----+--------+

Top non-repeatable levels by time:
     D:2: 739 daAuts
     D:1: 585 daAuts
     D:3: 523 daAuts
     D:4: 460 daAuts
     D:5: 161 daAuts
